 Dungeon Crawl Stone Soup version 0.28.0 (webtiles) character file.

Game seed: 10697414795958238549

1384 tizbic2 the Shield-Bearer (level 8, -12/57 HPs)
             Began as a Demigod Summoner on Feb 5, 2022.
             Mangled by a two-headed ogre (14 damage)
             ... on level 5 of the Dungeon.
             The game lasted 00:44:17 (7677 turns).

tizbic2 the Shield-Bearer (Demigod Summoner)        Turns: 7677, Time: 00:44:19

Health: -12/57     AC:  3    Str: 27    XL:     8   Next: 17%
Magic:  18/23      EV: 12    Int: 19    God:
Gold:   132        SH:  0    Dex: 14    Spells: 3/10 levels left

rFire   . . .      SeeInvis .   f - staff of air
rCold   . . .      Faith    .   (no shield)
rNeg    . . .      Spirit   .   j - +0 robe
rPois   +          Reflect  .   (helmet restricted)
rElec   +          Harm     .   b - +0 cloak
rCorr   .          Rampage  .   (no gloves)
Will    .....                   (no boots)
Stlth   +.........              d - amulet of regeneration
HPRegen 0.99/turn               n - +6 ring of strength
MPRegen 0.18/turn               m - ring "Yzukhlopt" {rPois MP+9 Str+4 Stlth-}

@: very slightly contaminated
A: high MP 2, forlorn, divine attributes, antennae 1, clever 1, poison
resistance
a: no special abilities


You were on level 5 of the Dungeon.
You visited 1 branch of the dungeon, and saw 5 of its levels.

You collected 207 gold pieces.
You spent 75 gold pieces at shops.

Inventory:

Hand Weapons
 a - a +3 quarterstaff of chaos
 h - a +0 dagger of holy wrath
Missiles
 i - 124 stones (quivered)
Armour
 b - a +0 cloak (worn)
 c - a +0 tower shield of protection
 g - a +0 helmet
 j - a +0 robe (worn)
 k - a +0 ring mail
Magical Staves
 f - a staff of air (weapon)
Jewellery
 d - an amulet of regeneration (around neck)
 l - a ring of flight
 m - the ring "Yzukhlopt" (right hand) {rPois MP+9 Str+4 Stlth-}
   (You found it on level 4 of the Dungeon)

   [ring of magical power]

   Str:       It affects your strength (+4).
   rPois:     It protects you from poison.
   MP:        It affects your magic capacity (+9).
   Stlth:     It makes you less stealthy.
 n - a +6 ring of strength (left hand)
 r - a ring of see invisible
Wands
 o - a wand of digging (3)
Scrolls
 p - a scroll of identify
Potions
 s - a potion of mutation


   Skills:
 * Level 3.7 Staves
 - Level 1.7 Dodging
 - Level 1.9 Stealth
 - Level 6.0 Shields
 - Level 1.8 Spellcasting
 * Level 5.1 Summonings
 - Level 4.3 Air Magic


You had 3 spell levels left.
You knew the following spells:

 Your Spells              Type           Power      Damage    Failure   Level
a - Summon Small Mammal   Summ           84%        N/A       1%          1
b - Call Imp              Summ           21%        N/A       3%          2
c - Summon Lightning Spi  Summ/Air       29%        N/A       24%         4

Your spell library contained the following spells:

 Spells                   Type           Power      Damage    Failure   Level
 Call Canine Familiar     Summ           21%        N/A       6%          3
 Corpse Rot               Necr/Air       30%        N/A       11%         2
 Summon Guardian Golem    Hex/Summ       11%        N/A       19%         3
 Blink                    Tloc           2%         N/A       26%         2
 Lesser Beckoning         Tloc           1%         N/A       45%         3
 Dispel Undead            Necr           1%         3d6       86%         4
 Manifold Assault         Tloc           1%         N/A       99%         5
 Death Channel            Necr           0%         N/A       100%        6


Dungeon Overview and Level Annotations

Branches:
Dungeon (5/15)
 Temple: D:4-7

Shops:
D:2 *


Innate Abilities, Weirdness & Mutations

You have a considerably increased reservoir of magic. (+20% MP)
You shall have no god before yourself.
Your divine heritage dramatically boosts your attributes as you level up.
You have a pair of small antennae on your head.
Your mind is acute. (Int +2)
Your system is resistant to poisons. (rPois)


Message History

Ouch! That really hurt!
The two-headed ogre closely misses you.
Found 9 gold pieces.
You hit the jelly. The acid corrodes you!
Your hands burn!
The jelly is moderately wounded.
The jelly hits you.
You are splashed with acid!
* * * LOW HITPOINT WARNING * * *
Okay, then.
The jelly barely misses you.
Your iron imp hits the jelly.
Your iron imp is burned by acid!
Your magical effects are unravelling.
You feel magically purged.
You are no longer corroded.
The jelly hits you.
* * * LOW HITPOINT WARNING * * *
You are splashed with acid!
* * * LOW HITPOINT WARNING * * *
Your iron imp hits the jelly.
The acid corrodes your iron imp!
Your iron imp is burned by acid!
Found a stone staircase leading down.
The jelly hits you but does no damage.
Found a stone staircase leading down.
Your iron imp hits the jelly!
The jelly dies!
Found 17 stones.
Your iron imp hits the two-headed ogre.
There is a stone staircase leading down here.
Casting: Summon Lightning Spire (quite dangerous; 24% risk of failure)
Confirm with . or Enter, or press ? or * to list all spells.
Your bat hits the two-headed ogre but does no damage. x2
Casting: Summon Small Mammal (safe; 1% risk of failure)
Confirm with . or Enter, or press ? or * to list all spells.
You miscast Summon Small Mammal.
You are very lightly contaminated with residual magic.
Nothing appears to happen.
Your bat closely misses the two-headed ogre.
Your bat barely misses the two-headed ogre.
The two-headed ogre hits you with a +0 giant spiked club!!
* * * LOW HITPOINT WARNING * * *
The two-headed ogre hits you with a +0 giant club!
You die...

############
#.....@(...#
#....O.....#
#..........#
#.....b....#
#....5.>...#
#....$....^#
#.........>#
#..........#
#..........#


You could see a two-headed ogre (ally target), a friendly iron imp (summoned,
corroded) and a friendly bat (summoned).

Vanquished Creatures
  Sigmund (D:3)
  Menkaure (D:4)
  A black bear (D:4)
  A gnoll (D:2)
  3 adders
  An ufetubus (D:4)
  A worm (D:4)
  4 dart slugs
  5 orcs
  6 bats
  4 endoplasms
  2 giant cockroaches
  3 goblins (D:2)
  4 hobgoblins
  A quokka (D:1)
  4 ball pythons
  A kobold (D:2)
  A rat (D:3)
44 creatures vanquished.

Vanquished Creatures (collateral kills)
  Grinder (D:4)
  Eustachio (D:5)
  Duvessa (D:4)
  A black bear (D:5)
  Dowan (D:4)
  A jelly (D:5)
  Crazy Yiuf (D:3)
  2 orc priests
  3 iguanas
  Robin (D:2)
  A howler monkey skeleton (D:5)
  2 gnolls (D:2)
  3 adders
  An adder skeleton (D:4)
  A worm (D:2)
  2 dart slugs (D:2)
  8 orcs
  10 endoplasms
  A giant cockroach (D:2)
  10 goblins
  5 hobgoblins
  5 quokkas
  2 ball pythons (D:1)
  4 bats
  A frilled lizard (D:2)
  3 kobolds
  4 rats (D:1)
76 creatures vanquished.

Vanquished Creatures (others)
  18 plants
18 creatures vanquished.

Grand Total: 138 creatures vanquished

Notes
Turn   | Place    | Note
-------+----------+-------------------------------------------
     0 | D:1      | tizbic2 the Demigod Summoner began the quest for the Orb.
     0 | D:1      | Reached XP level 1. HP: 14/14 MP: 5/5
   713 | D:1      | Reached XP level 2. HP: 17/20 MP: 5/7
   739 | D:1      | Reached skill level 1 in Shields
  1368 | D:1      | Learned a level 2 spell: Call Imp
  1500 | D:1      | Identified a scroll of acquirement
  1500 | D:1      | Acquired a staff of air
  1581 | D:1      | Reached skill level 2 in Shields
  1601 | D:1      | Reached XP level 3. HP: 22/26 MP: 2/8
  1872 | D:2      | Noticed a great orb of eyes
  1872 | D:2      | Noticed Robin
  1973 | D:1      | Reached skill level 1 in Air Magic
  2259 | D:2      | Killed Robin
  2808 | D:2      | Reached XP level 4. HP: 33/33 MP: 6/9
  3017 | D:2      | Reached skill level 3 in Shields
  3208 | D:2      | Noticed a great orb of eyes
  3209 | D:2      | Noticed a floating eye
  3209 | D:2      | Noticed a shining eye
  3377 | D:2      | Found Aloshigi's Assorted Antiques.
  3387 | D:2      | Bought a twisted onyx ring for 75 gold pieces
  4241 | D:3      | Noticed Sigmund
  4477 | D:3      | Found a runed translucent door.
  4478 | D:3      | Noticed Crazy Yiuf
  4497 | D:3      | Killed Crazy Yiuf
  4498 | D:3      | Reached XP level 5. HP: 38/38 MP: 6/10
  4570 | D:3      | Learned a level 4 spell: Summon Lightning Spire
  4956 | D:3      | Reached skill level 4 in Shields
  5250 | D:3      | Killed Sigmund
  5251 | D:3      | Reached XP level 6. HP: 21/45 MP: 9/11
  5637 | D:4      | Noticed Menkaure
  5664 | D:4      | HP: 2/45 [Menkaure/nerve-wracking pain (13)]
  5966 | D:4      | Killed Menkaure
  5967 | D:4      | Reached skill level 5 in Shields
  6175 | D:4      | Noticed Dowan
  6175 | D:4      | Noticed Duvessa
  6204 | D:4      | Gained mutation: You have a considerably increased
                  | reservoir of magic. (+20% MP) [potion of mutation]
  6204 | D:4      | Gained mutation: You sometimes lose the ability to read
                  | scrolls when taking damage. [potion of mutation]
  6204 | D:4      | Gained mutation: Your system is resistant to poisons.
                  | (rPois) [potion of mutation]
  6811 | D:4      | Lost mutation: Your system is resistant to poisons. (rPois)
                  | [potion of mutation]
  6811 | D:4      | Lost mutation: You sometimes lose the ability to read
                  | scrolls when taking damage. [potion of mutation]
  6811 | D:4      | Gained mutation: You have a pair of small antennae on your
                  | head. [potion of mutation]
  6811 | D:4      | Gained mutation: Your mind is acute. (Int +2) [potion of
                  | mutation]
  6811 | D:4      | Gained mutation: Your system is resistant to poisons.
                  | (rPois) [potion of mutation]
  6898 | D:4      | Killed Duvessa
  6899 | D:4      | Reached XP level 7. HP: 48/50 MP: 1/13
  6901 | D:4      | Killed Dowan
  7058 | D:4      | Reached skill level 6 in Shields
  7073 | D:4      | Identified the ring "Yzukhlopt" {rPois MP+9 Str+4 Stlth-}
  7227 | D:4      | Noticed Grinder
  7259 | D:4      | Killed Grinder
  7469 | D:5      | Entered Level 5 of the Dungeon
  7586 | D:5      | Noticed Eustachio
  7599 | D:5      | Killed Eustachio
  7600 | D:5      | Reached XP level 8. HP: 57/57 MP: 14/14
  7653 | D:5      | Reached skill level 5 in Summonings
  7656 | D:5      | Noticed a two-headed ogre
  7677 | D:5      | HP: 2/57 [two-headed ogre (18)]
  7677 | D:5      | Mangled by a two-headed ogre

Illustrated notes

Levels and vault maps discovered:
D:1:      nicolae_arrival_somewhat_less_tricky_arrival, layout_loops_ring
D:2:      layout_loops_ring, serial_shops, nicolae_shop_overgrown_old_shop,
          hellmonk_ecumenical_altar_watching_god, uniq_robin
D:3:      layout_loops_corners, hangedman_decor_lopped, chequers_big_river,
          uniq_crazy_yiuf_cottage, uniq_sigmund
D:4:      layout_rooms, nicolae_qazlal_eye_of_the_storm, uniq_duvessa,
          uniq_grinder, uniq_menkaure
D:5:      layout_rooms, minmay_temple_entry_mist, uniq_eustachio

Skill      XL: |  1  2  3  4  5  6  7  8 |
---------------+-------------------------+-----
Shields        | 2 3 4 5 6 |  6.0
Air Magic      | 1 2 3 4 |  4.3
Staves         | 3 |  3.7
Summonings     | 4 5 |  5.1
Dodging        | |  1.7
Stealth        | |  1.9
Spellcasting   | |  1.8

Action                   |  1- 3 |  4- 6 |  7- 9 || total
-------------------------+-------+-------+-------++-------
Melee: Unarmed           |    50 |       |       ||    50
       Staff             |    66 |   116 |    57 ||   239
       Quarterstaff      |       |    17 |       ||    17
Throw: Stone             |       |     6 |       ||     6
 Cast: Summon Small Mamm |    46 |    27 |     2 ||    75
       Call Imp          |    28 |    21 |     4 ||    53
       Summon Lightning  |       |     4 |     8 ||    12
  Use: Scroll            |     3 |     3 |       ||     6
       Potion            |       |     8 |     1 ||     9
 Stab: Sleeping          |     2 |     3 |     1 ||     6
       Distracted        |     1 |       |       ||     1
Armor: Robe              |     8 |    20 |    35 ||    63
       Leather armour    |    34 |     9 |       ||    43
       Skin              |     1 |     2 |       ||     3
       Ring mail         |       |    10 |       ||    10
Dodge: Dodged            |    91 |    63 |    58 ||   212
Block: Tower shield      |     5 |    76 |    39 ||   120
